 Dungeon Crawl Stone Soup version 0.30.0-29-ga12c61a403 (webtiles) character file.

Game seed: 15776063954290291618

372 hawla the Firebug (level 7, -5/50 HPs)
             Began as a Meteoran Fire Elementalist on June 9, 2023.
             Slain by Edmund
             ... wielding a +2 flail of protection
              (14 damage)
             ... on level 5 of the Dungeon.
             The game lasted 00:03:31 (477 turns).

hawla the Firebug (Meteoran Fire Elementalist)       Turns: 477, Time: 00:03:32

Health: -5/50      AC:  2    Str:  9    XL:     7   Next: 23%
Magic:  15/15      EV: 13    Int: 20    God:
Gold:   78         SH:  0    Dex: 14    Spells: 13/16 levels left

rFire   . . .        (no weapon)
rCold   . . .        (no shield)
rNeg    . . .        a - +0 robe
rPois   .            (no helmet)
rElec   .            (no cloak)
rCorr   .            (no gloves)
SInv    .            (no boots)
Will    .....        (no amulet)
Stlth   +            (no ring)
HPRegen 0.28/turn    (no ring)
MPRegen 0.14/turn

%: no passive effects
@: brilliant, lethally poisoned (-5 -> -8), attractive, glowing
A: sense surroundings 1, otherworldly, glowing, explore regen
a: no special abilities


You were on level 5 of the Dungeon.
You visited 1 branch of the dungeon, and saw 5 of its levels.

You collected 78 gold pieces.

Inventory:

Armour
 a - a +0 robe (worn)
Potions
 c - 2 potions of flight


   Skills:
 + Level 3.5 Dodging
 - Level 1.4 Stealth
 + Level 5.0 Spellcasting
 + Level 2.2 Conjurations
 + Level 6.8 Fire Magic


You had 13 spell levels left.
You knew the following spells:

 Your Spells              Type           Power      Damage    Failure   Level
a - Foxfire               Conj/Fire      100%       2x1d9     1%          1
b - Scorch                Fire           96%        2d9       1%          2

Your spell library contained the following spells:

 Spells                   Type           Power      Damage    Failure   Level
 Inner Flame              Hex/Fire       28%        N/A       9%          3
 Volatile Blastmotes      Fire/Tloc      56%        2d14      9%          3
 Flame Wave               Conj/Fire      34%        2d10      19%         4
 Fireball                 Conj/Fire      17%        3d9       45%         5
 Starburst                Conj/Fire      17%        6d6       95%         6
 Plasma Beam              Fire/Air       14%        2x1d27    99%         6


Dungeon Overview and Level Annotations

Branches:
Dungeon (5/15) Zot: 2523
 Temple: D:4-7

Altars:

Annotations:
D:5 Edmund


Innate Abilities, Weirdness & Mutations

You passively map a small area around you.
You are easily found by Zot.
You glow in the dark.
You regain HP and MP as you explore.


Message History

Casting: Scorch (safe; 1% risk of failure)
Confirm with . or Enter, or press ? or * to list all spells.
You feel a surge of power!
Flames lash the jelly.
The jelly is severely wounded.
The jelly's fire resistance burns away.
Edmund hits you with a +2 flail of protection.
* * * LOW HITPOINT WARNING * * *
Edmund attacks as you move away!
Edmund hits you with a +2 flail of protection.
* * * LOW HITPOINT WARNING * * *
Found a scroll labelled LEEBYA USOTOUM.
An iguana comes into view.
Edmund attacks as you move away!
Edmund hits you with a +2 flail of protection.
* * * LOW HITPOINT WARNING * * *
An adder comes into view.
Edmund grinds his teeth, and then sighs.
Found a scroll labelled IMIQ BIFAMPE and a scroll labelled LEEBYA USOTOUM.
The adder bites you but does no damage. The adder misses you.
Edmund attacks as you move away!
Edmund hits you with a +2 flail of protection!
* * * LOW HITPOINT WARNING * * *
The adder barely misses you. The adder attacks as you move away!
The adder misses you. The adder barely misses you.
Edmund attacks as you move away! Edmund completely misses you.
The adder attacks as you move away! The adder completely misses you.
The adder attacks as you move away! The adder bites you.
* * * LOW HITPOINT WARNING * * *
The adder bites you.
* * * LOW HITPOINT WARNING * * *
You are poisoned.
The adder poisons you!
You aren't carrying any scrolls.
It was a potion of attraction.
You feel attractive to monsters.
You feel sick. The adder closely misses you.
Edmund hits you with a +2 flail of protection!
You die...

©* , #.............. *
..., #.............# ,
... #.............# ,,
*,#?. #.......?.....# *
#.. #.............## , #
#..##..............###
..#............@.......#
#.#.......l..J.S@.......
,
#......#.....#######.###
#.#....#.....# ,
#.#...J#.....# * * *
#.#.#..#.....# , ,*,
#......+.....#
......l#.....# ,,
#......#...?.# #......#


You could see Edmund, an iguana, a jelly and an adder.

Vanquished Creatures
  Sigmund (D:2)
  An ogre (D:4)
  A scorpion (D:4)
  A hound (D:4)
  A gnoll (D:4)
  An adder (D:2)
  2 worms (D:2)
  An orc (D:4)
  An endoplasm (D:2)
  A hobgoblin (D:2)
  A quokka (D:3)
  3 bats
15 creatures vanquished.

Vanquished Creatures (others)
  41 foxfires
41 creatures vanquished.

Grand Total: 56 creatures vanquished

Notes
Turn   | Place    | Note
-------+----------+-------------------------------------------
     0 | D:1      | hawla the Meteoran Fire Elementalist began the quest for
                  | the Orb.
     0 | D:1      | Reached XP level 1. HP: 14/14 MP: 5/5
    29 | D:2      | Noticed Sigmund
    34 | D:2      | Killed Sigmund
    35 | D:2      | Reached skill level 5 in Fire Magic
    35 | D:2      | Reached XP level 2. HP: 13/20 MP: 6/8
    35 | D:2      | Reached XP level 3. HP: 17/26 MP: 6/9
    35 | D:2      | Reached XP level 4. HP: 22/33 MP: 7/11
    35 | D:2      | Reached XP level 5. HP: 26/38 MP: 7/12
    35 | D:2      | Reached XP level 6. HP: 30/45 MP: 7/13
    38 | D:2      | Learned a level 2 spell: Scorch
    43 | D:2      | Reached skill level 6 in Fire Magic
   261 | D:4      | Noticed an ogre
   269 | D:4      | Killed an ogre
   329 | D:4      | Reached XP level 7. HP: 50/50 MP: 7/15
   381 | D:4      | Reached skill level 5 in Spellcasting
   423 | D:4      | Noticed Edmund
   454 | D:5      | Entered Level 5 of the Dungeon
   477 | D:5      | Slain by Edmund

Illustrated notes

Levels and vault maps discovered:
D:1:      dpeg_arrival_shelter, layout_loops_ring
D:2:      layout_rooms, skrybe_limestone_x, lexackson_kobold_supper,
          uniq_sigmund
D:3:      layout_loops_corners, lemuel_crystal_altar,
          gammafunk_ghost_nasty_kobolds, minmay_misc_feat_cross
D:4:      layout_basic, uniq_grinder, uniq_edmund
D:5:      layout_basic, serial_shops, nicolae_shop_crystal,
          gammafunk_ghost_stat_death, uniq_blork_the_orc

Skill      XL: |  1  2  3  4  5  6  7 |
---------------+----------------------+-----
Dodging        | 3 |  3.5
Spellcasting   | 4 5 |  5.0
Fire Magic     | 5 6 |  6.8
Conjurations   | 2 |  2.2
Stealth        | |  1.4

Action                     |  1- 3 |  4- 6 |  7- 9 || total
---------------------------+-------+-------+-------++-------
   Cast: Foxfire           |     5 |    17 |     3 ||    25
         Scorch            |       |     9 |     8 ||    17
    Use: Potion            |     1 |       |     2 ||     3
         Scroll            |       |     2 |     1 ||     3
 Armour: Robe              |       |     2 |     1 ||     3
  Dodge: Dodged            |       |     2 |    14 ||    16
